AoeStats
← yt536390

Arabia

510514125Analyzed
1v1 RM · 1d ago on Oct 1, 2026· 19m 17s· 2 players
Game mode
Random Map
Map size
Tiny (2 player)
Population
200
Speed
Normal
Resources
Standard
Victory
Conquest
Starting age
Dark Age
Ending age
Imperial Age
RankedLock teamsTeams togetherTeam positionsShared explorationLock speedFull tech treeHidden civsTurbo modeCheats
Victory
Defeat
1755
+17
🇨🇳 Mongols · China
1783
-17
爱种田的太奶
5:40 Loom
8:23 Feudal Age
9:59 Double-Bit Axe
13:49 Town Watch
16:01 Fletching
16:12 Padded Archer Armor
yt536390
5:42 Loom
8:11 Feudal Age
8:24 Man-at-Arms
9:04 Double-Bit Axe
15:03 Fletching
Connection lost

Rejoining the realm…

Still unreachable

The connection could not be restored.

Session expired

The server has moved on; the page needs a fresh start.